 Dungeon Crawl Stone Soup version 0.31-a0-1074-g0b22e4e0f1 (webtiles) character file.

Game seed: 6013067625288148496

33128 Fodor the Severer (level 13, -5/123 HPs)
             Began as a Minotaur Fighter on Dec 2, 2023.
             Was an Initiate of Gozag.
             Slain by an ogre mage
             ... wielding a +0 halberd
              (12 damage)
             ... on level 2 of the Orcish Mines on Dec 3, 2023.
             The game lasted 01:21:50 (15302 turns).

Fodor the Severer (Minotaur Fighter)               Turns: 15302, Time: 01:21:53

Health: -5/123     AC: 18    Str: 32    XL:     13   Next: 35%
Magic:  12/12      EV:  9    Int:  5    God:    Gozag
Gold:   1869       SH:  0    Dex: 10    Spells: 12/12 levels left

rFire   + . .        N - +4 battleaxe (freeze)
rCold   . . .        (shield currently unavailable)
rNeg    . . .        e - +2 plate armour
rPois   .            O - melded +2 hat {Int+3}
rElec   .            K - melded +1 cloak of Starlight {*Dazzle EV+4 Stlth--}
rCorr   .            W - melded +2 pair of gloves
SInv    .            a - melded +0 pair of boots
Will    .....        i - amulet of the acrobat Stlth
                     o - ring of protection from fire
HPRegen 0.40/turn    U - +6 ring of strength
MPRegen 0.13/turn

%: acrobat
@: beast-form, marked, gold aura, studying Staves
A: beast (slay +1), horns 2, retaliatory headbutt
a: Begin Untransformation, Renounce Religion, Potion Petition, Call Merchant,
Bribe Branch


You were on level 2 of the Orcish Mines.
You worshipped Gozag.
Gozag was most pleased with you.
You were a hulking beast.
You visited 3 branches of the dungeon, and saw 15 of its levels.

You collected 3232 gold pieces.
You spent 778 gold pieces at shops.
You paid 585 gold pieces to Gozag.

Inventory:

Hand Weapons
 I - the +9 shortbow of the Badger {heavy, rPois rF+ Str+4}
   (You bought it in a shop on level 3 of the Dungeon)

   Str+4:     It affects your strength (+4).
   rF+:       It protects you from fire.
   rPois:     It protects you from poison
 N - a +4 battleaxe of freezing (weapon)
Missiles
 p - 12 boomerangs (quivered)
Armour
 a - a +0 pair of boots (melded)
 e - a +2 plate armour (worn)
 K - the +1 cloak of Starlight (melded) {*Dazzle EV+4 Stlth--}
   (You acquired it on level 12 of the Dungeon)

   *Dazzle:   It may blind those who miss an attack against the wearer in melee
   combat.
   EV+4:      It affects your evasion (+4).
   Stlth--:   It makes you much less stealthy.
 O - a +2 hat of intelligence (melded)
 W - a +2 pair of gloves (melded)
Jewellery
 i - an amulet of the acrobat (around neck)
 o - a ring of protection from fire (left hand)
 F - an amulet of regeneration
 M - an amulet of guardian spirit
 R - a ring of ice
 T - a ring of protection from fire
 U - a +6 ring of strength (right hand)
Talismans
 x - a maw talisman
 E - a beast talisman (active)
Wands
 z - a wand of acid (2)
 C - a wand of mindburst (28)
 G - a wand of paralysis (16)
 H - a wand of flame (43)
Scrolls
 b - 5 scrolls of teleportation
 c - a scroll of blinking
 f - 4 scrolls of poison
 g - a scroll of noise
 l - 4 scrolls of vulnerability
 n - a scroll of amnesia
 v - 5 scrolls of revelation
 y - 2 scrolls of fog
 B - 2 scrolls of immolation
Potions
 d - 2 potions of might
 h - 3 potions of enlightenment
 k - 2 potions of attraction {unknown}
 r - a potion of magic {unknown}
 u - 2 potions of lignification {unknown}
 w - 3 potions of mutation {unknown}
 A - 2 potions of berserk rage {unknown}
 D - 2 potions of degeneration {unknown}


   Skills:
 + Level 13.9 Fighting
 - Level 16.0 Axes
 + Level 4.7 Ranged Weapons
 + Level 4.4 Throwing
 + Level 14.9 Armour
 + Level 2.9 Dodging
 + Level 2.3 Stealth
 + Level 4.1 Shields
 + Level 0.1 Evocations
 + Level 3.1 Shapeshifting


You had 12 spell levels left.
You didn't know any spells.
Your spell library contained the following spells:

 Spells                   Type           Power      Damage    Failure   Level
 Kiss of Death            Conj/Necr      0%         2d5       95%         1
 Necrotise                Necr           0%         1d4       95%         1
 Sandblast                Erth           0%         2d4       95%         1
 Slow                     Hex            0%         N/A       95%         1
 Passwall                 Tmut/Erth      0%         N/A       98%         2
 Scorch                   Fire           0%         2d5       98%         2
 Static Discharge         Conj/Air       0%         3-3/arc   98%         2
 Confusing Touch          Hex            0%         N/A       100%        3
 Sigil of Binding         Hex            0%         N/A       100%        3
 Stone Arrow              Conj/Erth      0%         3d7       100%        3
 Vampiric Draining        Necr           0%         2d6       100%        3
 Airstrike                Air            0%         2d(0-16)  100%        4
 Brom's Barrelling Bould  Conj/Erth      0%         2d3       100%        4
 Dispel Undead            Necr           0%         3d6       100%        4
 Flame Wave               Conj/Fire      0%         2d4       100%        4
 Summon Lightning Spire   Summ/Air       0%         N/A       100%        4
 Agony                    Necr           0%         N/A       100%        5
 Summon Cactus Giant      Summ           0%         N/A       100%        6
 Ozocubu's Refrigeration  Ice            0%         4d7       100%        7
 Chain Lightning          Conj/Air       0%         N/A       100%        9
 Fire Storm               Conj/Fire      0%         5d1       100%        9
 Polar Vortex             Ice            0%         N/A       100%        9
 Shatter                  Erth           0%         3d5*      100%        9
 Simulacrum               Ice/Necr       Unusable   N/A       N/A         6

Dungeon Overview and Level Annotations

Branches:
Dungeon (12/15)            Temple (1/1) D:6            Lair (0/5) D:8
    Orc (2/2) D:12            Elf (0/3) Orc:2

Altars:
Ashenzari
Cheibriados
Dithmenos
Elyvilon
Fedhas
Gozag
Hepliaklqana
Kikubaaqudgha
Makhleb
Nemelex Xobeh
Okawaru
Qazlal
Ru
Sif Muna
Trog
Uskayaw
Vehumet
Wu Jian
Xom
Yredelemnul
Zin
The Shining One

Shops:
D:3 *   D:7 [   D:8 [   D:12 ?   Orc:2 *

Portals:
Trove: D:10 (give +6 demon whip)

Annotations:
Temple 2 transporters


Innate Abilities, Weirdness & Mutations

You are a hulking beast.
Your limbs bulge with bestial killing power. (Slay +1)
You have a pair of horns on your head.
You reflexively headbutt those who attack you in melee.


Message History

Your butterfly dies!
Your butterfly disappears in a burst of colours!
Things that are here:
16 gold pieces; a +0 giant club; a +0 giant spiked club You slice the two-headed ogre!!
You freeze the two-headed ogre!
You kill the two-headed ogre!
You slice the ogre!! You freeze the ogre.
You kill the ogre!
The ogre hits your butterfly with a +0 giant spiked club!
Your butterfly dies!
Your butterfly disappears in a burst of colours!
The ogre is distracted by your dazzling golden aura.
A two-headed ogre comes into view.
It is wielding a +0 giant club and a +0 giant spiked club.
The ogre misses you. Something hits you.
* * * LOW HITPOINT WARNING * * *
Deactivating autopickup; reactivate with Ctrl-A.
Things that are here:
32 gold pieces; a +0 giant spiked club; a +0 giant club You completely miss the ogre.
The ogre shouts!
You slash the ogre! You freeze the ogre.
The ogre hits you with a +0 giant spiked club!
* * * LOW HITPOINT WARNING * * *
The ogre closely misses you.
An ogre comes into view. It is wielding a +0 giant spiked club.
You hear some strange, mumbled words.
A bolt of magma appears from out of thin air!
The bolt of magma hits your butterfly!!
Your butterfly dies!
Your butterfly disappears in a burst of colours!
The bolt of magma hits you!! You partially resist.
* * * LOW HITPOINT WARNING * * *
You slice the ogre!! You freeze the ogre.
You kill the ogre!
You slash the ogre! You freeze the ogre.
The ogre is no longer distracted by gold.
The ogre is distracted by your dazzling golden aura. x2
Something hits you!
You die...
Your body crumbles into a pile of gold.

.... ####.### ..#....
##..#.#.### ## ...#...
##.........###.
.......####...........##.
.$.#.......##..b..#..)####.
.......#.b..#....###.....#.
........b.{.##bb.## ##......
......bbb..#$bb.b## ###.....
......O..bOhbbbb..###.....).
....O..b.$#bbb...#.#.)...#.
...........#..bb...)...####
##...$.>###...b....#..# #
##.OO### ##.#....##.## #
#OO.{.## ####....### #..O...#
###.....#### # OO..........##
#.))..).)..#..
O.O.O.O...######..)....)..##.


You could see a two-headed ogre and 6 ogres.

Vanquished Creatures
  Frances (D:12)
  Gastronok (D:10)
  The ghost of olourkin the Cleaver, a journeyman MiFi of Okawaru (D:12)
  Harold (D:9)
  4 ogre magi
  2 boulder beetles
  Erica (D:8)
  11 two-headed ogres
  Lodul (D:10)
  Pikel (D:6)
  A deep elf pyromancer (D:12)
  3 cyclopes
  A deep elf zephyrmancer (D:12)
  A necromancer (D:12)
  An ugly thing (D:12)
  Maurice (D:9)
  Joseph (D:10)
  2 gargoyles (D:12)
  3 unseen horrors
  Psyche (D:12)
  Maggie (D:6)
  An unseen horror zombie (D:8)
  2 guardian mummies (D:10)
  3 trolls
  2 hornets
  Sigmund (D:6)
  A shadow (D:10)
  A wyvern (D:8)
  2 wraiths
  A basilisk (D:8)
  A yak (D:8)
  3 hogs (D:12)
  A steam dragon (D:8)
  3 wargs (Orc:1)
  An acid dragon (D:11)
  4 water moccasins
  3 ice beasts
  13 orc warriors
  A hornet zombie (D:8)
  A sky beast (D:7)
  3 black bears
  23 ogres
  5 centaurs
  A phantom (D:5)
  3 kobold brigands
  3 gnoll sergeants
  Blork the orc (D:6)
  4 bullfrogs
  4 necrophages
  2 wyvern zombies
  A scorpion (D:6)
  9 wights (D:8)
  6 howler monkeys
  2 centaur zombies
  5 jellies
  4 hounds
  A human zombie (D:8)
  11 orc priests
  A bullfrog zombie (D:6)
  A gnoll bouda (D:6)
  2 sleepcaps
  An iguana (D:6)
  18 orc wizards
  3 killer bee zombies
  A mummy (D:8)
  16 gnolls
  12 adders
  A worm (D:2)
  8 dart slugs
  70 orcs
  14 endoplasms
  3 giant cockroaches
  5 goblins
  5 hobgoblins
  8 jackals
  3 quokkas
  10 ball pythons
  7 bats
  4 frilled lizards
  14 kobolds
  7 rats
387 creatures vanquished.

Vanquished Creatures (others)
  Kirke (D:12)
1 creature vanquished.

Grand Total: 388 creatures vanquished

Notes
Turn   | Place    | Note
-------+----------+-------------------------------------------
     0 | D:1      | Fodor the Minotaur Fighter began the quest for the Orb.
     0 | D:1      | Reached XP level 1. HP: 19/19 MP: 0/0
    98 | D:1      | Reached XP level 2. HP: 27/27 MP: 1/1
   888 | D:1      | Reached XP level 3. HP: 25/33 MP: 2/2
   901 | D:1      | Reached skill level 3 in Axes
  1291 | D:2      | Found a faded altar of an unknown god.
  1645 | D:2      | Found a white marble altar of Elyvilon.
  1735 | D:2      | Reached XP level 4. HP: 40/40 MP: 3/3
  2075 | D:3      | Found Gamid's Assorted Antiques.
  2147 | D:3      | Reached skill level 4 in Axes
  2168 | D:3      | Reached XP level 5. HP: 46/47 MP: 4/4
  2225 | D:3      | Reached skill level 5 in Armour
  2689 | D:4      | Reached skill level 5 in Axes
  2690 | D:4      | Reached XP level 6. HP: 27/55 MP: 5/5
  2691 | D:4      | Reached skill level 5 in Fighting
  3011 | D:4      | Reached skill level 6 in Axes
  3032 | D:4      | Reached XP level 7. HP: 56/61 MP: 6/6
  3252 | D:4      | Reached skill level 7 in Axes
  3480 | D:5      | Entered Level 5 of the Dungeon
  4334 | D:5      | Found a sparkling altar of Nemelex Xobeh.
  4341 | D:5      | Reached skill level 8 in Axes
  4462 | D:6      | Reached XP level 8. HP: 70/70 MP: 7/7
  4494 | D:6      | Found a snail-covered altar of Cheibriados.
  4503 | D:6      | Reached skill level 1 in Throwing
  4541 | D:6      | Reached skill level 9 in Axes
  4572 | D:6      | Noticed Maggie
  4573 | D:6      | Noticed Blork the orc
  4589 | D:6      | Killed Maggie
  4592 | D:6      | Killed Blork the orc
  4630 | D:6      | Reached skill level 10 in Axes
  4789 | D:6      | Found a radiant altar of Vehumet.
  4819 | D:6      | Found a blossoming altar of Fedhas.
  4875 | D:6      | Noticed Pikel
  4892 | D:6      | Killed Pikel
  4893 | D:6      | Reached XP level 9. HP: 70/79 MP: 8/8
  4914 | D:6      | Reached skill level 11 in Axes
  4939 | D:6      | Reached skill level 1 in Dodging
  5026 | D:6      | Found a staircase to the Ecumenical Temple.
  5026 | D:6      | Noticed Sigmund
  5035 | D:6      | Killed Sigmund
  5041 | Temple   | Found a transporter.
  5041 | Temple   | Found a transporter.
  5041 | Temple   | Found a transporter.
  5041 | Temple   | Found a transporter.
  5041 | Temple   | Entered the Ecumenical Temple
  5054 | Temple   | Became a worshipper of Gozag Ym Sagoz the Greedy
  5234 | D:3      | Bought an ebony shortbow for 152 gold pieces
  5234 | D:3      | Identified the +9 shortbow of the Badger {heavy, rPois rF+
                  | Str+4} (You bought it in a shop on level 3 of the Dungeon)
  5548 | D:7      | Found Lisenex's Armour Shoppe.
  5560 | D:7      | Reached skill level 12 in Axes
  6457 | D:7      | You fall into a shaft and drop 1 floor!
  6553 | D:8      | Noticed Erica
  6560 | D:8      | Reached XP level 10. HP: 79/89 MP: 9/9
  6564 | D:8      | Killed Erica
  6565 | D:8      | Reached skill level 1 in Stealth
  6615 | D:8      | Found Viridwypp's Armour Shoppe.
  6625 | D:8      | Reached skill level 13 in Axes
  6641 | D:8      | Bought a +0 pair of gloves for 58 gold pieces
  6865 | D:8      | Found a staircase to the Lair.
  7365 | D:8      | Found an ancient bone altar of Kikubaaqudgha.
  7562 | D:9      | Noticed a two-headed ogre
  7565 | D:9      | Killed a two-headed ogre
  7566 | D:9      | Reached skill level 14 in Axes
  7566 | D:9      | Reached skill level 10 in Armour
  8247 | D:9      | Noticed a two-headed ogre
  8249 | D:9      | Noticed Harold
  8256 | D:9      | Killed a two-headed ogre
  8257 | D:9      | Reached XP level 11. HP: 41/99 MP: 10/10
  8266 | D:9      | Noticed Maurice
  8274 | D:9      | Killed Harold
  8275 | D:9      | Reached skill level 1 in Ranged Weapons
  8276 | D:9      | Killed Maurice
  8540 | D:9      | Reached skill level 10 in Fighting
  8659 | D:9      | Found a sacrificial altar of Ru.
  8793 | D:9      | Noticed a boulder beetle
  8807 | D:9      | Killed a boulder beetle
  9153 | D:3      | Bought a scroll of poison for 76 gold pieces
  9153 | D:3      | Bought a sedimented cyan potion for 17 gold pieces
  9153 | D:3      | Bought a scroll labelled EXIRGH QAIBB for 19 gold pieces
  9153 | D:3      | Bought a wand of mindburst (10) for 266 gold pieces
  9302 | D:10     | Entered Level 10 of the Dungeon
  9302 | D:10     | Noticed Joseph
  9313 | D:10     | Killed Joseph
  9487 | D:10     | Found an ornate altar of the Wu Jian Council.
  9487 | D:10     | Noticed Gastronok
  9529 | D:10     | Killed Gastronok
  9530 | D:10     | Reached skill level 15 in Axes
  9860 | D:10     | Noticed Lodul
  9897 | D:10     | Killed Lodul
  9913 | D:10     | HP: 3/101 [ogre/+0 giant spiked club[Lodul] (26)]
 10795 | D:10     | Found a portal to a secret trove of treasure.
 11453 | D:11     | Noticed a boulder beetle
 11485 | D:11     | Killed a boulder beetle
 11486 | D:11     | Reached XP level 12. HP: 100/110 MP: 11/11
 12001 | D:11     | Reached skill level 16 in Axes
 12570 | D:12     | Noticed Kirke
 12598 | D:12     | Killed Kirke
 12850 | D:12     | Noticed Psyche
 12855 | D:12     | Killed Psyche
 13136 | D:12     | Noticed an ogre mage
 13148 | D:12     | Killed an ogre mage
 13156 | D:12     | Noticed an ogre mage
 13168 | D:12     | Killed an ogre mage
 13353 | D:12     | Found a runed translucent gate.
 13354 | D:12     | Found a runed translucent gate.
 13355 | D:12     | Found a runed translucent gate.
 13357 | D:12     | Noticed olourkin's ghost (journeyman MiFi)
 13425 | D:12     | Bought a scroll of identify for 28 gold pieces
 13425 | D:12     | Bought 2 scrolls of identify for 56 gold pieces
 13425 | D:12     | Bought a scroll of enchant weapon for 105 gold pieces
 13433 | D:12     | Acquired the +1 cloak of Starlight {*Dazzle EV+4 Stlth--}
 13433 | D:12     | Found the +1 cloak of Starlight {*Dazzle EV+4 Stlth--}
 13458 | D:12     | Noticed Frances
 13466 | D:12     | Killed Frances
 13773 | D:12     | Killed olourkin's ghost
 13886 | D:12     | Found a staircase to the Orcish Mines.
 13892 | Orc:1    | Entered Level 1 of the Orcish Mines
 14342 | Orc:2    | Entered Level 2 of the Orcish Mines
 14348 | Orc:2    | Reached skill level 1 in Shapeshifting
 14522 | Orc:2    | Found a staircase to the Elven Halls.
 14536 | Orc:2    | Noticed a two-headed ogre
 14536 | Orc:2    | Noticed a two-headed ogre
 14543 | Orc:2    | Killed a two-headed ogre
 14546 | Orc:2    | Noticed an ogre mage
 14546 | Orc:2    | Noticed a two-headed ogre
 14546 | Orc:2    | Noticed an ogre mage
 14546 | Orc:2    | Noticed a two-headed ogre
 14547 | Orc:2    | Noticed an ogre mage
 14547 | Orc:2    | Noticed a two-headed ogre
 14551 | Orc:2    | Killed a two-headed ogre
 14552 | Orc:2    | Reached XP level 13. HP: 116/122 MP: 12/12
 14556 | Orc:2    | Paralysed by an ogre mage for 4 turns
 14859 | Orc:2    | Found Movvosm's CLEARANCE SALE!.
 14871 | Orc:2    | Bought a wand of flame (13) for 1 gold piece
 15301 | Orc:2    | HP: 6/123 [something/bolt of magma (21)]
 15302 | Orc:2    | Slain by an ogre mage

Illustrated notes

Levels and vault maps discovered:
D:1:      lemuel_arrival_rhombus, layout_loops_ring, minmay_close_crescents
D:2:      layout_loops_ring, ebering_ecumenical_altar_petrified, basic_altar
D:3:      layout_basic, serial_shops, nicolae_shop_peninsula, minmay_distorted
D:4:      layout_gridville, minmay_misc_feat_alley, kennysheep_nub
D:5:      layout_cave_pods, marbit_many_paths, nicolae_titane
D:6:      layout_rooms, vehumet_altar_wand_db, mainiacjoe_overflow_catwalk,
          fedhas_altar_decomposition, minmay_temple_entry_junction_2,
          uniq_blork_the_orc, uniq_sigmund, uniq_pikel, uniq_maggie
D:7:      layout_layer_cave, serial_shops, shop, shop, nrook_uturn,
          minmay_misc_feat_room, wad_floor_pattern_1, kennysheep_generic_room_8
D:8:      layout_gridville, lemuel_mausoleum_altar_kikubaaqudgha,
          david_lair_generic, kennysheep_small_circle, uniq_erica
D:9:      layout_stronghold, lemuel_tele_altar, uniq_harold, uniq_maurice
D:10:     layout_roguey, mainiacjoe_overflow_paths, serial_curves,
          eino_curves_03, eino_curves_04, nicolae_trove_entry_path_of_doom,
          nicolae_concentric_dashed_squares_mild, corexii_checkpoint,
          uniq_joseph, uniq_gastronok, uniq_lodul
D:11:     layout_stronghold
D:12:     layout_long_grid, orc_0_dummy, serial_library,
          serial_library_hellmonk_semicircle,
          serial_library_regret_index_headful,
          serial_library_hellmonk_reading_circle,
          serial_library_hellmonk_hallway_b,
          serial_library_hellmonk_filled_rooms,
          serial_library_hellmonk_long_bookcase, serial_library_hellmonk_room_c,
          ebering_ghost_rock_garden, uniq_psyche, uniq_frances, uniq_kirke
Temple:   hellmonk_temple_divided_pantheon
Orc:1:    layout_caves, lightli_orcish_oven
Orc:2:    st_orc_ogre_mass, layout_diamond_mine, nicolae_shop_clearance

Skill      XL: |  1  2  3  4  5  6  7  8  9 10 11 12 13 |
---------------+----------------------------------------+-----
Armour         | 4 5 6 7 8 10 11 14 | 14.9
Fighting       | 4 5 7 8 9 11 13 | 13.9
Shields        | 4 |  4.1
Axes           | 3 4 5 6 8 10 12 14 15 16 | 16.0
Throwing       | 2 3 4 |  4.4
Dodging        | 1 2 |  2.9
Stealth        | 1 2 |  2.3
Ranged Weapons | 3 4 |  4.7
Shapeshifting  | 1 3 |  3.1
Evocations     | |  0.1

Action                     |  1- 3 |  4- 6 |  7- 9 | 10-12 | 13-15 || total
---------------------------+-------+-------+-------+-------+-------++-------
  Melee: War axe           |    86 |   106 |   188 |    56 |       ||   436
         Headbutt          |    18 |    22 |    50 |    93 |     8 ||   191
         Battleaxe         |       |       |       |   358 |    55 ||   413
   Fire: Shortbow          |       |       |       |    24 |       ||    24
  Throw: Boomerang         |       |       |    19 |    16 |       ||    35
 Invoke: Call Merchant     |       |       |       |     1 |       ||     1
  Evoke: Wand              |       |       |       |       |     1 ||     1
    Use: Potion            |       |       |     1 |    10 |       ||    11
         Scroll            |       |       |       |    18 |     3 ||    21
   Stab: Distracted        |       |       |       |     1 |       ||     1
 Armour: Plate armour      |    83 |   136 |   188 |   411 |    53 ||   871
  Dodge: Dodged            |    28 |    50 |    99 |   269 |    30 ||   476
  Block: Buckler           |    17 |       |       |       |       ||    17
   Form: Beast             |       |       |       |     1 |       ||     1

Table legend: (Time is in decaauts)
 A = Elapsed time spent in this place.
 B = Non-inter-level travel time spent in this place.
 C = Inter-level travel time spent in this place.
 D = Time resting spent in this place.
 E = Time spent auto-exploring this place.
 F = Levels seen in this place.
 G = Mean time per level.
                   A        B        C        D        E       F      G
               +--------+--------+--------+--------+--------+-----+--------+
         Total |  15405 |  14007 |   1398 |   2456 |     14 |  15 | 1027.0 |
       Dungeon |  13972 |  12574 |   1398 |   2009 |     14 |  12 | 1164.3 |
        Temple |     33 |     33 |      0 |      0 |      0 |   1 |   33.0 |
  Orcish Mines |   1400 |   1400 |      0 |    447 |      0 |   2 |  700.0 |
               +--------+--------+--------+--------+--------+-----+--------+

Top non-repeatable levels by time:
    D:10: 1831 daAuts
     D:9: 1477 daAuts
    D:12: 1472 daAuts
    D:11: 1318 daAuts
     D:1: 1131 daAuts
     D:8: 1112 daAuts
     D:5: 1018 daAuts
     D:7: 988 daAuts
     D:3: 988 daAuts
     D:4: 963 daAuts
   Orc:2: 955 daAuts
     D:6: 863 daAuts
     D:2: 805 daAuts
   Orc:1: 445 daAuts
  Temple: 33 daAuts
